Map: 안갯속 표류기

Players

펜타네스트

  • Race: Zerg Zerg

Nova

  • Race: Terran Terran
  • Spawn Location: 5:00

VOD

Have the link to the VOD?

Description

Time

  • Played on: Oct. 28, 2017, 3:30 a.m.
  • Length: 30:13
Show
View Real Time Build Order
Export as new Build Order

펜타네스트 Zerg 

Build Orders:  

Get SALT Encoding   

  18  0:03  Primal Drone  
  19  0:11  Primal Drone  
  19  0:18  Primal Drone  
  21  0:24  Primal Drone  
  22  0:33  Primal Drone  
  22  0:38  Extractor  
  24  1:01  Primal Warden  
  24  1:07  Extractor  
  24  1:11  Primal Drone  
  25  1:20  Primal Drone  
  26  1:30  Primal Drone  
  27  1:42  Primal Drone  
  28  1:53  Primal Drone  
  29  2:05  Glevig's Den  
  28  2:10  Primal Warden  
  28  2:17  Primal Drone  
  28  2:18  Primal Warden  
  28  2:19  Primal Zergling  
  30  2:36  Primal Drone  
  31  3:07  Primal Drone  
  37  3:13  Primal Hive  
  37  3:37  Primal Drone x2  
  37  3:38  Murvar's Den  
  38  3:42  Primal Drone  
  39  3:58  Primal Drone  
  40  4:15  Primal Drone  
  41  4:23  Primal Drone  
  42  4:39  Primal Drone  
  43  5:04  Primal Hive  
  43  5:08  Primal Drone x4  
  43  5:09  Primal Drone  
  48  5:10  Extractor  
  48  5:23  Primal Drone x2  
  48  5:25  Primal Warden  
  48  5:26  Extractor  
  50  5:43  Dakrun's Den  
  51  5:51  Primal Drone x3  
  51  5:53  Primal Warden  
  51  5:54  Primal Warden  
  54  6:00  Primal Reconstitution  
  54  6:35  Primal Drone x2  
  54  6:36  Primal Drone x4  
  59  6:48  Primal Attacks Level 1, Primal Carapace Level 1  
  59  6:53  Primal Drone x2  
  61  7:18  Primal Drone  
  61  7:19  Primal Drone x3  
  65  7:47  Primal Hydralisk  
  65  7:48  Primal Hydralisk x6  
  79  7:50  Primal Drone  
  80  8:07  Primal Wurm  
  81  8:15  Primal Mutalisk  
  81  8:16  Primal Mutalisk x2  
  81  8:19  Primal Hydralisk x3  
  84  8:35  Primal Hydralisk  
  84  8:36  Primal Hydralisk x2  
  90  8:51  Primal Mutalisk x2  
  92  9:30  Primal Wurm  
  92  9:32  Primal Wurm  
  92  9:33  Primal Wurm  
  92  9:37  Primal Wurm  
  92  9:49  Primal Hydralisk  
  94  9:50  Primal Hydralisk x4  
  94  9:51  Primal Mutalisk  
  101  10:09  Primal Hydralisk  
  103  10:10  Primal Hydralisk x2  
  107  10:27  Primal Hydralisk  
  107  10:28  Primal Hydralisk x2  
  113  10:30  Slicing Glave  
  113  11:07  Primal Hydralisk  
  113  11:08  Primal Hydralisk x5  
  125  11:15  Primal Mutalisk x4  
  125  11:17  Primal Mutalisk  
  120  11:30  Shifting Carapace  
  120  11:34  Primal Hydralisk  
  120  11:35  Primal Hydralisk x4  
  120  11:36  Primal Mutalisk  
  120  11:37  Primal Mutalisk x2  
  127  11:55  Primal Mutalisk  
  126  12:02  Primal Hydralisk x2  
  126  12:03  Primal Mutalisk x2, Primal Hydralisk x2  
  132  12:15  Primal Attacks Level 2  
  132  12:49  Primal Mutalisk  
  131  12:50  Primal Mutalisk  
  130  13:04  Primal Hydralisk  
  130  13:05  Primal Hydralisk  
  130  13:08  Primal Hydralisk  
  130  13:09  Primal Hydralisk x8  
  152  13:19  Primal Hydralisk x2  
  156  13:37  Primal Mutalisk x4  
  156  13:38  Primal Mutalisk  
  151  13:45  Primal Hydralisk  
  151  13:46  Primal Hydralisk x3  
  156  13:50  Primal Mutalisk  
  155  14:05  Primal Wurm  
  151  14:12  Primal Hydralisk x3  
  151  14:57  Primal Hydralisk x5  
  161  15:13  Primal Hydralisk  
  163  15:23  Primal Hydralisk  
  163  15:24  Primal Hydralisk x5  
  175  15:45  Primal Mutalisk  
  175  15:46  Primal Mutalisk x4  
  170  15:54  Primal Mutalisk  
  169  16:06  Primal Mutalisk x3  
  169  16:07  Primal Mutalisk  
  165  16:16  Primal Drone x4  
  165  16:17  Primal Drone  
  173  16:20  Primal Wurm  
  173  16:21  Primal Wurm  
  173  16:22  Primal Wurm  
  173  16:35  Primal Drone  
  173  16:36  Primal Drone x5  
  179  17:13  Primal Hydralisk  
  179  17:14  Primal Hydralisk x6  
  193  17:23  Primal Attacks Level 3  
  193  17:49  Primal Mutalisk x3  
  190  17:51  Primal Hydralisk  
  190  17:52  Primal Hydralisk x4  
  200  18:18  Primal Mutalisk x3  
  197  18:27  Primal Wurm  
  197  18:28  Primal Wurm  
  200  18:30  Primal Wurm  
  200  19:27  Primal Carapace Level 2  
  200  22:39  Primal Carapace Level 3  
  200  24:41  Primal Wurm  
  200  24:42  Primal Wurm x2  
  200  24:45  Primal Wurm x2  
  200  24:46  Primal Wurm x3  
  200  24:47  Primal Wurm  
  200  24:48  Primal Wurm x3  
  200  24:49  Primal Wurm  
  200  26:03  Primal Wurm  
  200  26:05  Primal Wurm  
  200  26:06  Primal Wurm  
  199  29:10  Primal Wurm  
  199  29:11  Primal Wurm  
Show
View Real Time Build Order
Export as new Build Order

Nova Terran 

Build Orders:  

Get SALT Encoding   

Tags
 
Add a new tag
Caveats
  • Supply blocks, unpowered buildings, or Contaminate may cause inaccurate times.
  • Supply counts are checked every 10 seconds.